 Dungeon Crawl Stone Soup version 0.20.1-1-g8b1a95d (webtiles) character file.

35 Monsterracer the Caller (level 3, -1/31 HPs)
             Began as a Draconian Summoner on Sept 14, 2017.
             Slain by a hobgoblin
             ... wielding a +0 club
              (3 damage)
             ... on level 2 of the Dungeon.
             The game lasted 00:03:30 (1962 turns).

Monsterracer the Caller (Draconian Summoner)        Turns: 1962, Time: 00:03:30

Health: -1/31      AC:  5    Str: 11    XL:     3   Next: 16%
Magic:  3/6        EV: 12    Int: 15    God:
Gold:   16         SH:  0    Dex: 11    Spells: 2/6 levels left

rFire    . . .     SeeInvis .   m - +0 short sword
rCold    . . .     Gourm    .   (no shield)
rNeg     . . .     Faith    .   (armour unavailable)
rPois    .         Spirit   .   (helmet restricted)
rElec    .         Reflect  .   (no cloak)
rCorr    .         Harm     .   (no gloves)
MR       .....                  (no boots)
Stlth    ++........             f - amulet of rage
Regen    0.1/turn               (no ring)
MPRegen  0.1/turn               (no ring)

@: no status effects
A: unfitting armour, cold-blooded, AC +5
a: Evoke Berserk Rage


You were on level 2 of the Dungeon.
You were hungry.

You visited 1 branch of the dungeon, and saw 2 of its levels.

You collected 16 gold pieces.

Inventory:

Hand Weapons
 m - a +0 short sword (weapon)
Jewellery
 f - an amulet of rage (around neck)
Scrolls
 e - a scroll of remove curse {unknown}
 h - a scroll of fog {unknown}
 i - a scroll of blinking {unknown}
 j - 4 scrolls of identify {unknown}
 l - a scroll of enchant armour {unknown}
Potions
 d - a potion of flight {unknown}
 g - a potion of brilliance {unknown}
 k - a potion of agility {unknown}
Comestibles
 b - 2 bread rations
 c - 4 fruits


   Skills:
 * Level 3.1 Fighting
 - Level 1.7 Dodging
 - Level 1.7 Stealth
 - Level 2.0 Spellcasting
 - Level 4.0 Summonings


You had 2 spell levels left.
You knew the following spells:

 Your Spells              Type           Power        Failure   Level  Hunger
a - Summon Small Mammal   Summ           ##..         4%          1    #......
b - Call Canine Familiar  Summ           ##......     13%         3    ###....


Dungeon Overview and Level Annotations

Branches:
Dungeon (2/15)

Altars:


Innate Abilities, Weirdness & Mutations

Your plain brown scales are hard. (AC +5)
You cannot fit into any form of body armour.
You are cold-blooded and may be slowed by cold attacks.


Message History

You hit the quokka.
You kill the quokka!
The hobgoblin hits you but does no damage.
The giant cockroach barely misses you. The hobgoblin hits you with a club.
* * * LOW HITPOINT WARNING * * *
Huge Dmg: -19%(-6hp) hp: 33%(10hp)
The hobgoblin closely misses you. The giant cockroach closely misses you.
The hobgoblin hits you but does no damage.
The hobgoblin hits you with a club.
* * * LOW HITPOINT WARNING * * *
Huge Dmg: -13%(-4hp) hp: 20%(6hp)
You barely miss the hobgoblin. The hobgoblin closely misses you.
You hit the hobgoblin but do no damage. The hobgoblin hits you with a club.
* * * LOW HITPOINT WARNING * * *
Huge Dmg: -16%(-5hp) hp: 4%(1hp) Cast which spell? (? or * to list)
Okay, then.
Cast which spell? (? or * to list)
The hobgoblin hits you with a club.
You die...

###### #.....
#..... #.....
..... ... #.##
#h@# ##g# #s#
#g## #..#
####.########
##.....#.....##
##.............##
#........<......#


You could see a giant cockroach, 2 hobgoblins and a friendly hound.

Vanquished Creatures
  A dart slug (D:1)
  A leopard gecko (D:1)
  5 bats (D:1)
  A giant cockroach (D:1)
  2 goblins (D:1)
  3 hobgoblins (D:1)
  3 jackals (D:1)
  3 kobolds (D:1)
  2 quokkas (D:2)
  A frilled lizard (D:1)
  5 rats (D:1)
27 creatures vanquished.

Vanquished Creatures (collateral kills)
  A leopard gecko (D:1)
1 creature vanquished.

Grand Total: 28 creatures vanquished

Notes
Turn   | Place    | Note
-------+----------+-------------------------------------------
     0 | D:1      | Monsterracer the Draconian Summoner began the quest for the Orb.
     0 | D:1      | Reached XP level 1. HP: 14/14 MP: 3/3
   290 | D:1      | Reached skill level 1 in Fighting
   308 | D:1      | HP: 6/16 [leopard gecko (3)]
   605 | D:1      | HP: 7/17 [kobold (3)]
   608 | D:1      | Reached XP level 2. HP: 10/24 MP: 5/5
   957 | D:1      | HP: 10/25 [hobgoblin (4)]
   966 | D:1      | HP: 10/25 [bat (1)]
   977 | D:1      | HP: 10/25 [bat (1)]
  1255 | D:1      | HP: 10/25 [hobgoblin/club (5)]
  1728 | D:1      | Reached XP level 3. HP: 30/30 MP: 6/6
  1736 | D:1      | Learned a level 3 spell: Call Canine Familiar
  1951 | D:2      | HP: 10/31 [hobgoblin/club (6)]
  1960 | D:2      | HP: 1/31 [hobgoblin/club (5)]
  1962 | D:2      | Slain by a hobgoblin

Skill      XL: |  1  2  3 |
---------------+----------+-----
Fighting       | 1 2 3 |  3.1
Dodging        | |  1.7
Stealth        | |  1.7
Spellcasting   | |  2.0
Summonings     | |  4.0

Action                   || total
-------------------------++-------
Melee: Unarmed           ||   119
       Tailslap          ||    16
       Dagger            ||    21
       Short sword       ||    27
 Cast: Summon Small Mamm ||     4
       Call Canine Famil ||     1
  Eat: Chunk             ||     3
Armor: Skin              ||    55
Dodge: Dodged            ||   123
